AoeStats
← RedStallion1713

Highland

504936742Analyzed
2v2 RM · 23d ago on Sep 7, 2026· 37m 12s· 4 players
Game mode
Random Map
Map size
Medium (4 player)
Population
200
Speed
Normal
Resources
Standard
Victory
Conquest
Starting age
Dark Age
Ending age
Imperial Age
RankedLock teamsTeams togetherTeam positionsShared explorationLock speedFull tech treeHidden civsTurbo modeCheats
Victory
Defeat
🇨🇦 Spanish · Canada
908
+15
🇨🇦 Bulgarians · Canada
908
+15
🇺🇸 Byzantines · United States
937
-18
🇺🇸 Goths · United States
824
-12
RedStallion1713
1:14 Loom
11:52 Feudal Age
17:46 Castle Age
16:04 Double-Bit Axe
16:09 Horse Collar
20:05 Fishing Lines
21:46 Bow Saw
21:43 Heavy Plow
24:06 Gillnets
25:16 Scale Mail Armor
26:26 Wheelbarrow
28:05 Hand Cart
32:02 Imperial Age
31:31 Chain Mail Armor
31:26 Forging
31:34 Anarchy
33:38 Iron Casting
33:10 Squires
36:46 Blast Furnace
35:41 Pikeman
ChocoThunder
14:03 Feudal Age
12:21 Loom
14:47 Double-Bit Axe
20:57 Fletching
21:55 Wheelbarrow
24:01 Castle Age
26:35 Scale Barding Armor
27:02 Bodkin Arrow
30:07 Chain Barding Armor
30:24 Bow Saw
33:15 Husbandry
IcePic
11:48 Feudal Age
13:28 Loom
16:50 Castle Age
17:56 Horse Collar
22:33 Fletching
34:08 Imperial Age
36:59 Elite Conquistador
thestriker35
5:07 Loom
13:13 Feudal Age
13:45 Double-Bit Axe
13:56 Horse Collar
17:52 Wheelbarrow
17:10 Town Watch
17:57 Scale Mail Armor
18:39 Stone Mining
23:08 Castle Age
22:18 Gold Mining
24:12 Chain Mail Armor
24:52 Heavy Plow
25:09 Bow Saw
26:24 Stone Shaft Mining
27:22 Forging
27:17 Scale Barding Armor
33:50 Hand Cart
35:13 Gold Shaft Mining
36:41 Stirrups
Connection lost

Rejoining the realm…

Still unreachable

The connection could not be restored.

Session expired

The server has moved on; the page needs a fresh start.